 Dungeon Crawl Stone Soup version v1.0-131-g37cfcaf (webtiles) character file.

609 plsesad the Shield-Bearer (level 7, -3/57 HPs)
             Began as a Formicid Fighter on Apr 2, 2018.
             Killed by divine providence
             ... invoked by an orc priest
              (12 damage)
             ... on level 4 of the Dungeon.
             The game lasted 00:05:08 (3365 turns).

plsesad the Shield-Bearer (Formicid Fighter)        Turns: 3365, Time: 00:05:08

Health: -3/57      AC:  9    Str: 23    XL:     7   Next: 71%
Magic:  0/7        EV:  9    Int:  7    God:
Gold:   175        SH: 10    Dex: 10    Spells: 6/6 levels left

rFire    . . .     SeeInvis +   a - +0 long sword
rCold    + . .     Gourm    .   c - +0 shield
rNeg     . . .     Faith    .   o - +0 scale mail {rC+}
rPois    .         Spirit   +   (helmet unavailable)
rElec    .         Reflect  .   s - +1 cloak
rCorr    .         Harm     .   (no gloves)
MR       .....                  (no boots)
Stlth    ..........             n - amulet of guardian spirit
HPRegen  0.19/turn              (no ring)
MPRegen  0.10/turn              (no ring)

@: no status effects
A: permanent stasis, dig shafts and tunnels, four strong arms, antennae 3
a: Dig, Shaft Self


You were on level 4 of the Dungeon.
You were very hungry.

You visited 1 branch of the dungeon, and saw 4 of its levels.

You collected 175 gold pieces.

Inventory:

Hand Weapons
 a - a +0 long sword (weapon)
Armour
 c - a +0 shield (worn)
 o - a +0 scale mail of cold resistance (worn)
 s - a +1 cloak (worn)
Jewellery
 n - an amulet of guardian spirit (around neck)
Wands
 b - a wand of disintegration (12)
 y - a wand of iceblast (10)
 z - a wand of polymorph (8)
 A - a wand of digging (13)
Scrolls
 e - a scroll of immolation {unknown}
 h - a scroll of amnesia {unknown}
 i - a scroll of noise {unknown}
 k - 5 scrolls of identify {unknown}
 t - a scroll of recharging {unknown}
 v - a scroll of random uselessness {unknown}
 w - a scroll of blinking {unknown}
 x - a scroll of enchant armour {unknown}
 B - a scroll of fear {unknown}
Potions
 g - a potion of flight {unknown}
 j - a potion of invisibility {unknown}
 l - a potion of brilliance {unknown}
 m - a potion of ambrosia {unknown}
 p - a potion of magic {unknown}
 q - 3 potions of restore abilities
 r - 2 potions of degeneration {unknown}
 C - a potion of lignification {unknown}
Books
 u - a book of Dreams

   Spells                             Type                      Level
   a - Ensorcelled Hibernation        Hexes/Ice                    2
   b - Borgnjor's Vile Clutch         Necromancy/Earth             5
   c - Phase Shift                    Translocation                5
   d - Silence                        Hexes/Air                    5
   e - Darkness                       Hexes                        6
   f - Shadow Creatures               Summoning                    6
Comestibles
 f - 11 rations


   Skills:
 + Level 5.9 Fighting
 + Level 4.8 Long Blades
 - Level 3.2 Armour
 + Level 6.4 Shields


You had 6 spell levels left.
You didn't know any spells.

Dungeon Overview and Level Annotations

Branches:
Dungeon (4/15)
 Temple: D:4-7

Altars:


Innate Abilities, Weirdness & Mutations

You cannot be hasted, slowed, berserked, paralysed or teleported.
You can dig through walls and to a lower floor.
Your four strong arms can wield two-handed weapons with a shield.
You have a pair of large antennae on your head. (SInv)


Message History

Found a stone crab tunnel leading up.
You dig through the rock wall.
You dig through the rock wall.
You block the adder's attack.
You dig through the rock wall.
You dig through the rock wall.
You are feeling very hungry.
The adder bites you but does no dacastercrab.
You dig through the rock wall.
The adder bites you but does no dacastercrab.
You dig through the rock wall.
The shrimp priest calls down the wrath of Beogh upon you.
Beogh smites you!
You dig through the rock wall.
The shrimp priest mumbles some strange prayers to Beogh against you.
Beogh smites you!
* * * CRAB GONE DIE * * *
The adder bites you but does no dacastercrab.
The shrimp priest invokes the aid of Beogh against you.
Beogh smites you!
Your journey is over little crab

###.##.o#..o......
####....#o#........
#.....####o#......#
..##.## ##o##
.###.### ##.##
.......# ##o##
####.#.#######S##
#.#.#.....##S## ##
#)#.......###@# .#
#.##......# ###
.###.........#
###...##.....#
....#.########
.####.# ## #.# #
#.# # #.#


You could see 3 orc priests, an orc wizard and 2 adders.

Vanquished Creatures
  A phantom (D:4)
  An ogre (D:4)
  A crimson imp (D:3)
  An orc priest (D:4)
  Crazy Yiuf (D:3)
  Ijyb (D:3)
  Natasha (twice) (D:3)
  A bullfrog skeleton (D:4)
  2 orc wizards (D:4)
  4 gnolls (D:4)
  7 adders
  An ooze (D:1)
  An adder skeleton (D:4)
  3 worms
  A dart slug (D:3)
  2 leopard geckos
  2 orcs (D:3)
  2 ball pythons (D:3)
  4 giant cockroaches
  6 goblins
  9 hobgoblins
  7 jackals
  A quokka (D:3)
  11 bats
  8 frilled lizards
  5 kobolds
  A leopard gecko skeleton (D:4)
  7 rats
  A fungus (D:3)
94 creatures vanquished.

Notes
Turn   | Place    | Note
-------+----------+-------------------------------------------
     0 | D:1      | plsesad the Formicid Fighter began the quest for the Orb.
     0 | D:1      | Reached XP level 1. HP: 18/18 MP: 1/1
   265 | D:1      | Reached XP level 2. HP: 24/24 MP: 2/2
   334 | D:1      | Reached skill level 4 in Shields
   380 | D:1      | Reached XP level 3. HP: 30/30 MP: 3/3
   871 | D:2      | Reached XP level 4. HP: 31/37 MP: 4/4
  1527 | D:3      | Reached XP level 5. HP: 43/43 MP: 5/5
  1864 | D:3      | Reached skill level 5 in Shields
  1878 | D:3      | Noticed Ijyb
  1893 | D:3      | Killed Ijyb
  2139 | D:3      | Found a runed door.
  2143 | D:3      | Noticed Crazy Yiuf
  2153 | D:3      | Killed Crazy Yiuf
  2153 | D:3      | Reached XP level 6. HP: 21/50 MP: 3/6
  2396 | D:3      | Noticed Natasha
  2402 | D:3      | Killed Natasha
  2465 | D:3      | Noticed Natasha
  2481 | D:3      | Killed Natasha
  2481 | D:3      | Reached skill level 5 in Fighting
  2857 | D:4      | Reached XP level 7. HP: 26/56 MP: 4/7
  3117 | D:4      | Reached skill level 6 in Shields
  3365 | D:4      | Killed from afar by an orc priest

Skill      XL: |  1  2  3  4  5  6  7 |
---------------+----------------------+-----
Shields        | 4 5 6 |  6.4
Fighting       | 4 5 |  5.9
Long Blades    | 3 4 |  4.8
Armour         | |  3.2

Action                   |  1- 3 |  4- 6 |  7- 9 || total
-------------------------+-------+-------+-------++-------
Melee: Long sword        |    83 |   232 |    45 ||   360
 Abil: Dig               |       |       |     1 ||     1
  Use: Potion            |       |       |     1 ||     1
  Eat: Chunk             |       |     6 |     2 ||     8
Armor: Scale mail        |    38 |   101 |    24 ||   163
Dodge: Dodged            |    40 |    87 |    19 ||   146
Block: Shield            |    42 |   122 |    31 ||   195
       Rpst.: Long sword |    15 |    37 |     5 ||    57
